 Dungeon Crawl Stone Soup version 0.19.0-2-gae57169 (webtiles) character file.

10 shinino the Grasshopper (level 2, -3/19 HPs)
             Began as an Octopode Warper on Nov 4, 2016.
             Killed from afar by a dart slug (7 damage)
             ... with a slug dart
             ... on level 1 of the Dungeon.
             The game lasted 00:00:35 (340 turns).

shinino the Grasshopper (Octopode Warper)            Turns: 340, Time: 00:00:36

Health: -3/19      AC:  1    Str: 10    XL:     2   Next: 20%
Magic:  5/5        EV: 13    Int: 15    God:
Gold:   22         SH:  0    Dex: 11    Spells: 2 memorised, 1 level left

rFire  . . .     SeeInvis .     f - +3 dagger
rCold  . . .     Gourm    .     (no shield)
rNeg   . . .     Faith    .     (helmet restricted)
rPois  .         Spirit   .     (no amulet)
rElec  .         Reflect  .     (no ring)
rCorr  .         Harm     .     (no ring)
MR     .....                    (no ring)
Stlth  ++........               (no ring)
                                (no ring)
                                (no ring)
                                (no ring)
                                (no ring)

@: no status effects
A: almost no armour, stealthy swim, amphibious, 8 rings, constrict 8, camouflage
1, gelatinous body 1
a: no special abilities


You were on level 1 of the Dungeon.
You were not hungry.

You visited 1 branch of the dungeon, and saw 1 of its levels.

You collected 22 gold pieces.

Inventory:

Hand Weapons
 f - a +3 dagger (weapon)
Missiles
 c - 5 tomahawks of dispersal (quivered)
Scrolls
 b - a scroll of blinking
 e - a scroll of recharging {unknown}
Books
 a - a book of Spatial Translocations

   Spells                             Type                      Level
   a - Blink                          Translocation                2
   b - Shroud of Golubria             Charms/Translocation         2
   c - Lesser Beckoning               Translocation                3
   d - Portal Projectile              Translocation                3
   e - Teleport Other                 Translocation                3
   f - Passage of Golubria            Translocation                4
Comestibles
 d - a bread ration


   Skills:
 - Level 2.0 Fighting
 - Level 1.0 Throwing
 - Level 2.3 Dodging
 + Level 2.4 Unarmed Combat
 + Level 2.3 Spellcasting
 + Level 3.0 Translocations


You had one spell level left.
You knew the following spells:

 Your Spells              Type           Power        Failure   Level  Hunger
a - Blink                 Tloc           N/A          12%         2    ###....
b - Shroud of Golubria    Chrm/Tloc      #.........   17%         2    ###....


Dungeon Overview and Level Annotations

Branches:
Dungeon (1/15)

Altars:


Innate Abilities, Weirdness & Mutations

You cannot wear most types of armour.
You are very stealthy in the water. (Stealth+)
You are amphibious.
You can wear up to eight rings at the same time.
You can use your tentacles to constrict eight enemies at once.
Your skin changes colour to match your surroundings (Stealth+).
Your rubbery body absorbs attacks. (AC +1, EV +1)


Message History

A hobgoblin comes into view. It is wielding a club.
The hobgoblin shouts!
The hobgoblin throws a stone.
The stone barely misses you.
You hit the dart slug. You grab the dart slug.
The dart slug is moderately wounded.
You constrict the dart slug.
The hobgoblin throws a stone.
The stone hits you.
A giant cockroach comes into view.
You hit the dart slug.
The dart slug is severely wounded.
You constrict the dart slug. The dart slug launches a dart at you.
The slug dart hits you!
The hobgoblin throws a stone.
The stone hits you.
* * * LOW HITPOINT WARNING * * *
You are too injured to fight recklessly!
You are too injured to fight recklessly!
You are too injured to fight recklessly!
You release your grip on the dart slug.
The dart slug launches a dart at you. The slug dart hits you!
You die...

### ## ..... .##
####### ..#..#..#
#.....# ##### .s.#..#.#
#.###.#####....
...#...# #.#
#..........
#..#..###.###.#########
#..#.@.......# #
#..(#####..## #
#..#w........###### #
.g.#..#..####.......#
## ....#....# #...###.#
##. ..# . ...#
#.....#.# #.# . #..#.##
##..#.#.# ##. . ...#
#......####. #..#..#
#.#.........


You could see a dart slug and a hobgoblin.

Vanquished Creatures
  A giant cockroach (D:1)
  2 goblins (D:1)
  3 jackals (D:1)
  2 kobolds (D:1)
8 creatures vanquished.

Notes
Turn   | Place    | Note
-------+----------+-------------------------------------------
     0 | D:1      | shinino the Octopode Warper began the quest for the Orb.
     0 | D:1      | Reached XP level 1. HP: 14/14 MP: 3/3
   138 | D:1      | Reached XP level 2. HP: 14/19 MP: 5/5
   144 | D:1      | Learned a level 2 spell: Blink
   147 | D:1      | Learned a level 2 spell: Shroud of Golubria
   340 | D:1      | Killed from afar by a dart slug

Action                   || total
-------------------------++-------
Melee: Unarmed           ||    11
       Dagger            ||    12
       Constrict         ||     7
       Tentacles         ||     1
Armor: Skin              ||     2
Dodge: Dodged            ||    12
